 Dungeon Crawl Stone Soup version 0.14.1-3-gd16b60d (webtiles) character file.

5880 Badjas the Hoplite (level 10, -24/86 HPs)
             Began as a Hill Orc Fighter on May 16, 2014.
             Was an Elder of Beogh.
             Killed from afar by a wretched star (35 damage)
             ... with an orb of energy
             ... on Level 3 of the Abyss on May 17, 2014.
             The game lasted 01:31:31 (8653 turns).

Badjas the Hoplite (Hill Orc Fighter)               Turns: 8653, Time: 01:31:31

HP -24/86        AC 26     Str 26      XL: 10   Next: 65%
MP  10/10        EV  7     Int 12      God: Beogh [****..]
Gold 515         SH 26     Dex 12      Spells:  0 memorised,  9 levels left

rFire  . . .     SeeInvis .     U - +3,+2 morningstar
rCold  . . .     Rnd*Rage +     G - +8 chain mail "Creroow" {Str+3 Dex+2 Int+1}
rNeg   + . .     Conserve .     c - +0 shield
rPois  .         rCorr    .     j - +1 helmet
rElec  .         rRot     .     (no cloak)
SustAb . .       Spirit   .     z - +2 pair of gloves of Abstinence {MR+}
rMut   .         Warding  .     (no boots)
Saprov + . .     Stasis   .     (no amulet)
MR     +....                    (no ring)
                                B - ring of positive energy

@: non-regenerating, mighty, mildly diseased, somewhat resistant to hostile
enchantments, extremely unstealthy
A: berserk 2, blurry vision 2, herbivore 1, fast metabolism 1, low mp 1,
saprovore 1, slow healing 3, weak 1
a: Smiting, Recall Orcish Followers, Renounce Religion


You were on level 3 of the Abyss.
You worshipped Beogh.
Beogh was greatly pleased with you.
You were not hungry.

You visited 2 branches of the dungeon, and saw 11 of its levels.
You visited the Abyss 1 time.
You also visited: Ossuary.

You collected 593 gold pieces.
You spent 78 gold pieces at shops.

Inventory:

Hand weapons
 a - a +1,+3 hand axe of electrocution
 b - a +1 blowgun
 v - a +0,+0 bow
 U - a +3,+2 morningstar (weapon)
Missiles
 f - 8 sling bullets of flame
 i - 23 stones (quivered)
 k - 6 curare-tipped needles
 p - 28 sling bullets
 r - 17 arrows of flame
 t - 4 steel tomahawks
 E - 7 javelins
 K - 45 poisoned needles
 S - 23 arrows of frost
Armour
 c - a +0 shield (worn)
 j - a +1 helmet (worn)
 z - the +2 pair of gloves of Abstinence (worn) {MR+}
   (You found it on level 4 of the Dungeon)

   It affects your resistance to hostile enchantments.
 A - a +0 ice dragon armour
 G - the +8 chain mail "Creroow" (worn) {Str+3 Dex+2 Int+1}
   (You found it on level 4 of the Dungeon)

   It affects your strength (+3).
   It affects your intelligence (+1).
   It affects your dexterity (+2).
 T - the +5 scale mail "Nouf" {rElec rC++ Dam+6}
   (You found it on level 1 of the Abyss)

   It affects your damage with ranged weapons and melee attacks (+6).
   It greatly protects you from cold.
   It insulates you from electricity.
Magical devices
 n - a wand of magic darts (7)
 u - a wand of slowing (6)
 P - a wand of draining (4)
Comestibles
 d - 7 meat rations
 s - 5 bread rations
 H - an apple
 W - a choko
Scrolls
 h - a scroll of fog
 w - a scroll of identify
 x - a scroll of summoning {unknown}
 y - 2 scrolls of recharging
 I - 2 scrolls of fear
 O - 2 scrolls of magic mapping
 R - a scroll of remove curse
 Y - a scroll of enchant armour
Jewellery
 B - a ring of positive energy (left hand)
 M - an uncursed amulet of guardian spirit {unknown}
Potions
 e - 3 potions of might
 l - 5 potions of restore abilities
 m - 5 potions of brilliance
 o - 4 potions of agility
 C - 3 potions of curing
 F - 2 potions of poison {unknown}
 L - a potion of magic
 N - 3 potions of haste
 Q - a potion of invisibility
Books
 q - a Necronomicon {highlevel, unknown}

   This book is beyond your current level of understanding.

   Spells                             Type                      Level
   Haunt                              Necromancy/Summoning         7
   Borgnjor's Revivification          Necromancy                   8
   Death's Door                       Charms/Necromancy            8
   Necromutation                      Transmutation/Necromancy     8
 D - a book of the Earth

   Spells                             Type                      Level
   Leda's Liquefaction                Hexes/Earth                  4
   Bolt of Magma                      Conjuration/Fire/Earth       5
   Statue Form                        Transmutation/Earth          6
   Iron Shot                          Conjuration/Earth            6
   Shatter                            Earth                        9
 J - a book of Death

   Spells                             Type                      Level
   Corpse Rot                         Necromancy                   2
   Sublimation of Blood               Necromancy                   2
   Agony                              Necromancy                   5
   Dispel Undead                      Necromancy                   5
   Excruciating Wounds                Charms/Necromancy            5
   Bolt of Draining                   Conjuration/Necromancy       5
Miscellaneous
 V - a fan of gales (inert)


   Skills:
 + Level 7.1 Fighting
 + Level 8.7 Axes
 + Level 3.1 Maces & Flails
   Level 0.5 Slings
 + Level 3.0 Throwing
 * Level 8.6 Armour
 + Level 5.4 Dodging
 - Level 1.0 Stealth
 + Level 8.9 Shields
 + Level 1.2 Evocations


You had 9 spell levels left.
You didn't know any spells.

Dungeon Overview and Level Annotations

Branches:
Dungeon (10/15)            Temple (1/1) D:7
    Orc: D:9-12        Lair: D:8-11

Altars:
Ashenzari
Cheibriados
Dithmenos
Elyvilon
Fedhas
Kikubaaqudgha
Makhleb
Nemelex Xobeh
Okawaru
Sif Muna
Trog
Vehumet
Xom
Yredelemnul
Zin
The Shining One

Shops:
D:7 }   D:9 *

Annotations:
D:6 Dowan, Duvessa, Edmund
D:10 Sonja


Innate Abilities, Weirdness & Mutations

You can tolerate rotten meat.
[You often lose your temper in combat.]
[Your vision is quite blurry.]
[You digest meat inefficiently.]
[You have a fast metabolism.]
[Your magical capacity is low (-10% MP).]
[You do not heal naturally.]
[You are weak. (Str -2)]


Message History

Drink which item? (? for menu, Esc to quit)
You can't drink that!
Drink which item? (? for menu, Esc to quit)
You feel much better.
Your possessions no longer seem quite so burdensome.
Drink which item? (? for menu, Esc to quit)
You feel very mighty all of a sudden.
You puncture the wretched star!
The wretched star is heavily damaged.
The wretched star pulses with an eldritch light!
Your vision blurs.
You stop healing.
You feel angry.
Your shield and chain mail "Creroow" prevent you from hitting the wretched star.
The wretched star is heavily damaged.
The wretched star glows turbulently.
The orb of energy hits you!
* * * LOW HITPOINT WARNING * * *
The orb of energy explodes!
The wretched star glows turbulently.
The orb of energy hits you!
You die...

. .. ..# #.
. #..##.. #
.. # .. .
.#. .## #.##
#..# .#
#...###. ..
..#.#.#.#
#.##.#@#.. #
. .#.*### #.
. .#.# # ##
.#..#
#..#....#.##
.. .###..##
# ## . #..##
# #..#
#..#..# ...
# .. #


You could see a wretched star.

Vanquished Creatures
  A hill giant (D:10)
  An ancient zyme (Abyss:3)
  A hungry ghost (D:10)
  A wyvern (D:7)
  2 yaks (D:9)
  A necrophage (D:10)
  3 sky beasts
  A small abomination (Abyss:1)
  5 ogres
  A phantom (D:8)
  A big kobold (D:7)
  A centaur (D:10)
  7 giant frogs
  3 water moccasin zombies (Ossuary)
  A wight (D:9)
  4 scorpions
  4 killer bees (D:8)
  A yak skeleton (D:8)
  2 goliath beetles
  4 orc priests
  4 crimson imps
  A giant frog zombie (D:9)
  2 jellies
  3 orc wizards
  6 worker ants
  2 iguanas
  4 big kobold zombies (Ossuary)
  An ogre zombie (D:10)
  An ogre skeleton (D:4)
  2 mummies (Ossuary)
  7 adders
  A giant mite (D:3)
  A worm (D:9)
  4 adder zombies
  An iguana zombie (D:8)
  An adder skeleton (D:5)
  A giant eyeball (D:8)
  3 giant geckos
  2 oozes
  14 orcs
  15 bats
  A bat skeleton (D:5)
  A bat zombie (D:7)
  5 gnoll zombies (Ossuary)
  13 goblins
  14 hobgoblins
  2 quokkas
  2 ball pythons (D:1)
  5 giant cockroaches
  4 giant newts
  A goblin skeleton (D:4)
  9 hobgoblin zombies (Ossuary)
  3 jackals (D:1)
  14 kobolds
  A kobold skeleton (D:4)
  5 kobold zombies (Ossuary)
  2 orc skeletons
  9 orc zombies
  12 rats
  2 rat skeletons (D:4)
226 creatures vanquished.

Vanquished Creatures (collateral kills)
  A gargoyle (D:9)
  A troll (D:9)
  A two-headed ogre (D:9)
  A yak (D:9)
  2 hungry ghosts
  A phantom (D:9)
  A sky beast (D:10)
  An ice beast (D:9)
  2 wights (D:9)
  A goliath beetle (D:10)
  3 ogre zombies (D:10)
  An adder (D:9)
  2 ufetubi (Abyss:1)
  2 orcs (D:10)
  A bat (D:9)
  A kobold (D:8)
22 creatures vanquished.

Vanquished Creatures (others)
  An orc warrior (D:10)
  An ogre zombie (D:10)
  3 orcs (D:10)
  An orc skeleton (D:10)
  3 starspawn tentacles (Abyss:1)
  3 starspawn tentacle segments (Abyss:1)
12 creatures vanquished.

Grand Total: 260 creatures vanquished

Notes
Turn   | Place    | Note
--------------------------------------------------------------
     0 | D:1      | Badjas, the Hill Orc Fighter, began the quest for the Orb.
     0 | D:1      | Reached XP level 1. HP: 19/19 MP: 1/1
    85 | D:1      | Reached XP level 2. HP: 25/27 MP: 2/2
   422 | D:1      | Reached skill level 4 in Fighting
   422 | D:1      | Reached XP level 3. HP: 33/33 MP: 3/3
   831 | D:2      | Reached skill level 1 in Dodging
   831 | D:2      | Reached XP level 4. HP: 40/40 MP: 4/4
  1917 | D:3      | Reached XP level 5. HP: 46/46 MP: 5/5
  2739 | D:3      | Became a worshipper of Beogh the Brigand
  2776 | D:4      | Reached skill level 1 in Axes
  2798 | D:4      | Got a pair of fine gloves
  2802 | D:4      | Identified the cursed +2 pair of gloves of Abstinence {MR+} (You found it on level 4 of the Dungeon)
  3004 | D:4      | Noticed an ogre
  3049 | D:4      | Reached XP level 6. HP: 50/53 MP: 6/6
  3207 | D:4      | Got a faintly humming chain mail
  3240 | D:4      | Identified the +8 chain mail "Creroow" {Str+3 Dex+2 Int+1} (You found it on level 4 of the Dungeon)
  3587 | D:4      | Killed an ogre
  3727 | D:5      | Entered Level 5 of the Dungeon
  3730 | D:5      | Acquired Beogh's first power
  3761 | D:5      | Reached skill level 1 in Throwing
  3761 | D:5      | Reached skill level 5 in Shields
  3761 | D:5      | Reached XP level 7. HP: 60/60 MP: 7/7
  3789 | D:5      | Reached skill level 1 in Stealth
  4640 | D:6      | Noticed Dowan
  4648 | D:6      | Noticed Duvessa
  4755 | D:6      | Reached skill level 5 in Armour
  4782 | D:6      | Noticed Edmund
  4834 | D:7      | Reached skill level 5 in Fighting
  4834 | D:7      | Reached XP level 8. HP: 63/68 MP: 8/8
  4985 | D:7      | Found a staircase to the Ecumenical Temple.
  4990 | Temple   | Entered the Ecumenical Temple
  5165 | D:7      | Acquired Beogh's second power
  5245 | D:7      | Reached skill level 6 in Shields
  5509 | D:7      | Found Vanien's Gadget Boutique.
  5557 | D:7      | Found a basalt altar of Yredelemnul.
  5648 | D:8      | Reached skill level 5 in Axes
  5648 | D:8      | Reached XP level 9. HP: 66/74 MP: 9/9
  5671 | D:8      | Paralysed by a giant eyeball for 2 turns
  5724 | D:8      | Reached skill level 7 in Armour
  5899 | D:8      | Found a sand-covered staircase.
  5904 | Ossuary  | Entered an ossuary
  6015 | Ossuary  | Acquired Beogh's third power
  6744 | D:9      | Reached skill level 8 in Shields
  7035 | D:9      | Acquired Beogh's fourth power
  7084 | D:9      | Noticed a gargoyle
  7095 | D:9      | Killed a gargoyle
  7095 | D:9      | Reached XP level 10. HP: 70/84 MP: 10/10
  7232 | D:9      | Found Thiezxir's General Store.
  7237 | D:9      | Bought a potion of curing for 26 gold pieces
  7237 | D:9      | Bought a potion of curing for 26 gold pieces
  7237 | D:9      | Bought a scroll of identify for 26 gold pieces
  7347 | D:9      | Gained Murdo as an ally
  7526 | D:10     | Entered Level 10 of the Dungeon
  7620 | D:10     | Noticed a hill giant
  7632 | D:10     | Killed a hill giant
  7632 | D:10     | Reached skill level 5 in Dodging
  7722 | D:10     | Noticed Sonja
  7727 | D:10     | Reached skill level 1 in Evocations
  8010 | D:10     | Cast into the Abyss (Sonja)
  8015 | Abyss:1  | Found a corrupted altar of Lugonu.
  8079 | Abyss:1  | Noticed a smoke demon
  8085 | Abyss:1  | Noticed a large abomination
  8135 | Abyss:1  | Got a crude scale mail
  8166 | Abyss:1  | Identified the +5 scale mail "Nouf" {rElec rC++ Dam+6} (You found it on level 1 of the Abyss)
  8240 | Abyss:1  | Noticed a hellephant
  8241 | Abyss:1  | Noticed a balrug
  8292 | Abyss:1  | Noticed a tentacled starspawn
  8346 | Abyss:1  | Noticed a sixfirhy
  8351 | Abyss:1  | Noticed a starcursed mass
  8356 | Abyss:1  | Paralysed by accursed screaming for 1 turns
  8373 | Abyss:1  | Noticed a cyan very ugly thing
  8452 | Abyss:2  | Noticed a large abomination
  8487 | Abyss:3  | Found an iron altar of Okawaru.
  8522 | Abyss:3  | Noticed a starcursed mass
  8525 | Abyss:3  | Noticed a thrashing horror
  8553 | Abyss:3  | Noticed a spatial maelstrom
  8625 | Abyss:3  | Noticed a wretched star
  8653 | Abyss:3  | Killed from afar by a wretched star

Action                   |  1- 3 |  4- 6 |  7- 9 | 10-12 || total
-------------------------+-------+-------+-------+-------++-------
Melee: Flail             |   121 |   137 |     3 |       ||   261
       Hand axe          |       |    86 |   368 |   135 ||   589
       Morningstar       |       |       |       |    10 ||    10
 Fire: Sling             |     5 |     4 |       |       ||     9
       Blowgun           |       |     6 |    30 |     6 ||    42
Invok: Convert to Beogh  |       |     1 |       |       ||     1
       Smiting           |       |       |       |     1 ||     1
Evoke: Wand              |       |       |     3 |     2 ||     5
       Fan of gales      |       |       |       |     1 ||     1
  Use: Scroll            |       |    13 |    11 |     3 ||    27
       Potion            |       |       |     3 |     4 ||     7
 Stab: Distracted        |       |       |       |     2 ||     2
